 Dungeon Sprint DCSS version 0.31-a0-75-g6fe912e8c5 (webtiles) character file.

Game seed: 6534080697285538902

727 sircluck the Grappler (level 7, -8/76 HPs)
             Began as a Troll Berserker on May 22, 2023.
             Was an Elder of Trog.
             Mangled by an ironbound preserver
             ... wielding a +4 great mace of holy wrath
              (47 damage)
             ... in the Dungeon (Sprint V: "Ziggurat Sprint") on May 23, 2023.
             The game lasted 00:03:24 (226 turns).

sircluck the Grappler (Troll Berserker)              Turns: 226, Time: 00:03:25

Health: -8/76      AC: 19    Str: 40    XL:     7   Next: 44%
Magic:  6/6        EV:  0    Int:  3    God:    Trog [****..]
Gold:   0          SH: 26    Dex:  9    Spells: 6/6 levels left

rFire   + .          .
                       - Unarmed
rCold   + . .        j - +18 shield of the Gong {Loud rN+ Will+ rCorr EV-5}
rNeg    + . .        y - +5 gold dragon scales
rPois   +            (helmet restricted)
rElec   .            (no cloak)
rCorr   +            (gloves unavailable)
SInv    .            (boots unavailable)
Will    +....        (no amulet) Stlth
                     t - +6 ring of strength
HPRegen 1.12/turn    u - +6 ring of strength
MPRegen 0.10/turn

%: no teleportation
@: no status effects
A: large, unfitting armour, claws 3, regeneration 1, shaggy fur 1, tough skin 1
a: Renounce Religion, Berserk, Trog's Hand, Brothers in Arms


You were in the Dungeon.
You worshipped Trog.
Trog was greatly pleased with you.
You visited 1 branch

Inventory:

Armour
 a - a +0 animal skin
 j - the +18 shield of the Gong (worn) {Loud rN+ Will+ rCorr EV-5}
   (You found it in the Dungeon)

   Loud:      It is deafeningly noisy when blocking attacks.
   EV:        It affects your evasion (-5).
   rN:        It protects you from negative energy.
   rCorr:     It protects you from acid and corrosion.
   Will:      It increases your willpower.
 y - +5 gold dragon scales (worn)
Jewellery
 o - a ring of flight
 p - a +6 ring of dexterity
 q - a +6 ring of dexterity
 r - a +6 ring of intelligence
 s - a +6 ring of intelligence
 t - a +6 ring of strength (left claw)
 u - a +6 ring of strength (right claw)
 D - a ring of positive energy
 E - the amulet of the Air {Inacc Air Fly rElec RMsl}
   (You found it in the Dungeon)

   [amulet of nothing]

   Inacc:     It reduces the accuracy of your attacks and spells.
   Air:       It enhances your air magic.
   rElec:     It insulates you from electricity.
   Fly:       It grants you flight.
   RMsl:      It protects you from missiles.
 F - a ring of magical power
Wands
 v - a wand of iceblast (18)
 w - a wand of mindburst (7)
 x - a wand of quicksilver (7)
Scrolls
 g - 4 scrolls of blinking
 l - 7 scrolls of fog
 m - 5 scrolls of identify
 n - 2 scrolls of fear
Potions
 b - 10 potions of curing
 c - 6 potions of heal wounds
 d - 6 potions of haste
 e - 7 potions of magic
 f - 3 potions of berserk rage
 h - 2 potions of invisibility
 i - 4 potions of resistance
 k - 5 potions of might
Miscellaneous
 z - a tin of tremorstones (2/2)
 A - a box of beasts
 B - a lightning rod (4/4)
 C - a phantom mirror


   Skills:
 + Level 6.4 Fighting
 + Level 1.5 Armour
 + Level 6.5 Dodging
 + Level 5.1 Shields
 + Level 12.1 Unarmed Combat


You had 6 spell levels left.
You didn't know any spells.
Your spell library was empty.

Dungeon Overview and Level Annotations

Branches:
Dungeon (1/1)

Altars:
Ashenzari
Cheibriados
Dithmenos
Elyvilon
Fedhas
Gozag
Hepliaklqana
Kikubaaqudgha
Makhleb
Nemelex Xobeh
Okawaru
Qazlal
Ru
Sif Muna
Trog
Uskayaw
Vehumet
Wu Jian
Xom
Yredelemnul
Zin
The Shining One
Jiyva
Lugonu

Annotations:
D 1 transporter


Innate Abilities, Weirdness & Mutations

You are too large for most types of armour.
You have claws for hands.
Your natural rate of healing is unusually fast.
You are covered in fur. (AC +1)
You have tough skin. (AC +1)


Message History

You feel much better.
The yaktaur captain hits you but does no damage.
You block the yaktaur captain's attack.
BOUMMMMG!
You block the ironbound preserver's attack.
PTOANNNG!
The ironbound preserver hits you with a +0 dire flail!
Unknown command.
You claw the yaktaur captain!
The yaktaur captain is moderately wounded.
You block the yaktaur captain's attack.
GONNNNG!
You block the yaktaur captain's attack.
PTOANNNG!
The ironbound preserver hits you with a +0 dire flail!
* * * LOW HITPOINT WARNING * * *
You block the ironbound preserver's attack.
GONNNNG!
Unknown command.
Unknown command.
You feel much better. You block the yaktaur captain's attack.
GONNNNG!
You block the yaktaur captain's attack.
GONNNNG!
You block the ironbound preserver's attack.
SHROANNG!
The ironbound preserver hits you with a +0 dire flail.
Unknown command.
You barely miss the yaktaur captain.
The yaktaur captain is moderately wounded.
You block the yaktaur captain's attack.
SHROANNG!
The yaktaur captain hits you!!
* * * LOW HITPOINT WARNING * * *
Unknown command.
Unknown command.
You feel much better.
The ironbound preserver hits you with a +4 great mace of holy wrath!!!
Ouch! That really hurt!
You die...

▓.†.†.▓.....▓...).▓
▓.....▓.....▓..©..▓
▓..©..▓..©..▓▓▓▓▓▓▓
▓▓▓▓▓▓▓▓▓▓▓▓▓▓▓▓▓▓▓
▓..8©8...▓..8©8...▓
▓..[[....▓..==)...▓
▓........▓..).)...▓
▓........▓cp......▓
▓........▓@cp.....▓
▓.▓....▓.▓p▓....▓.▓
▓...©....▓...©....▓
▓▓▓▓▓▓▓▓▓▓▓▓▓▓▓▓▓▓▓


You could see 2 ironbound preservers, 2 yaktaur captains and an ironbound
convoker.

Vanquished Creatures
  A slime creature (D)
  A yak (D)
  3 wolves (D)
  A wight (D)
  A quasit (D)
  3 jellies (D)
  An adder zombie (D)
  An adder skeleton (D)
  A bat skeleton (D)
13 creatures vanquished.

Notes
Turn   | Place    | Note
-------+----------+-------------------------------------------
     0 | D        | sircluck the Troll Berserker began the quest for the Orb.
     0 | D        | Reached XP level 1. HP: 22/22 MP: 0/0
     0 | D        | Found a shimmering blue altar of Sif Muna.
     0 | D        | Found a sacrificial altar of Ru.
     0 | D        | Found a bloodstained altar of Trog.
     0 | D        | Found a stormy altar of Qazlal.
     0 | D        | Found an iron altar of Okawaru.
     0 | D        | Found a sparkling altar of Nemelex Xobeh.
     0 | D        | Found a blossoming altar of Fedhas.
     0 | D        | Found the +6 Majin-Bo {spellvamp, MP+6 Int+6}
     0 | D        | Found the +27 heavy crossbow "Sniper" {heavy, Acc+∞ SInv}
     0 | D        | Found the +10 dark maul {heavy}
     0 | D        | Found the +15 Maxwell's patent armour {-Cast -Tele rElec
                  | Will+ rCorr}
     0 | D        | Found the +18 shield of the Gong {Loud rN+ Will+ rCorr
                  | EV-5}
     0 | D        | Found the +16 obsidian axe {drain, demonic, Mesm Drain Fly
                  | SInv}
     0 | D        | Found the +7 great mace "Firestarter" {flame, immolate,
                  | rFlCloud rF++}
     0 | D        | Found the +6 shillelagh "Devastator" {shatter}
     0 | D        | Found the +11 plutonium sword {Contam Stlth-}
     0 | D        | Found the +8 lance "Wyrmbane" {slay drac, rPois rF+ rC+
                  | AC+3}
     0 | D        | Found the +9 sword of Zonguldrok {reap}
     0 | D        | Found the +13 scythe of Curses {drain, curses, Drain}
     0 | D        | Found the +9 sword of Power {lifebolt}
     0 | D        | Found the +7 mace of Variability {chaos, chaos arc}
     0 | D        | Found the +11 Singing Sword {sonic wave}
     0 | D        | Found the +8 storm bow {elec, penet}
     2 | D        | Found a transporter.
     2 | D        | Found an ancient bone altar of Kikubaaqudgha.
     2 | D        | Found a viscous altar of Jiyva.
     2 | D        | Found a corrupted altar of Lugonu.
     2 | D        | Found a hazy altar of Hepliaklqana.
     2 | D        | Found a burning altar of Makhleb.
     2 | D        | Found an opulent altar of Gozag.
    55 | D        | Upgraded the game from 0.31-a0-66-ge618eeaa78 to
                  | 0.31-a0-75-g6fe912e8c5
    70 | D        | Reached skill level 8 in Unarmed Combat
    70 | D        | Reached XP level 2. HP: 29/29 MP: 1/1
   107 | D        | Entered arena 2.
   107 | D        | Noticed a wight
   107 | D        | Found a transporter.
   110 | D        | Killed a wight
   111 | D        | Reached XP level 3. HP: 37/37 MP: 2/2
   128 | D        | Entered arena 3.
   128 | D        | Found a transporter.
   129 | D        | Reached ** piety under Trog
   135 | D        | Reached skill level 9 in Unarmed Combat
   135 | D        | Reached XP level 4. HP: 48/48 MP: 3/3
   166 | D        | Entered arena 4.
   166 | D        | Noticed a wolf
   166 | D        | Noticed a wolf
   166 | D        | Noticed a wolf
   166 | D        | Noticed a yak
   166 | D        | Found a transporter.
   171 | D        | Killed a yak
   172 | D        | Reached skill level 5 in Fighting
   172 | D        | Reached skill level 5 in Dodging
   172 | D        | Reached skill level 10 in Unarmed Combat
   172 | D        | Reached XP level 5. HP: 57/57 MP: 4/4
   176 | D        | Killed a wolf
   176 | D        | Reached *** piety under Trog
   177 | D        | Reached XP level 6. HP: 65/66 MP: 5/5
   181 | D        | Reached skill level 11 in Unarmed Combat
   183 | D        | Reached skill level 1 in Armour
   189 | D        | Entered arena 5.
   189 | D        | Found the amulet of the Air {Inacc Air Fly rElec RMsl}
   189 | D        | Noticed a slime creature
   189 | D        | Found a transporter.
   196 | D        | Killed a slime creature
   196 | D        | Reached **** piety under Trog
   197 | D        | Reached XP level 7. HP: 76/76 MP: 6/6
   198 | D        | Reached skill level 5 in Shields
   198 | D        | Reached skill level 12 in Unarmed Combat
   209 | D        | Entered arena 6.
   209 | D        | Noticed a yaktaur captain
   209 | D        | Noticed a yaktaur captain
   209 | D        | Noticed an ironbound preserver
   209 | D        | Noticed an ironbound convoker
   209 | D        | Noticed an ironbound preserver
   209 | D        | Found a transporter.
   226 | D        | Mangled by an ironbound preserver

Illustrated notes

Levels and vault maps discovered:
D:        sprint_v [room_start, room_1, room_2, room_3, room_4, room_5, room_6,
          room_7, room_8, room_9, room_10, room_11, room_12, room_13, room_14,
          room_15, room_16, room_17, room_18, room_19, room_20, room_21,
          room_22, room_23, room_24, room_25, room_26, room_27]

Skill      XL: |  1  2  3  4  5  6  7 |
---------------+----------------------+-----
Unarmed Combat | 8 9 10 11 12 | 12.1
Fighting       | 3 4 5 6 |  6.4
Dodging        | 3 4 5 6 |  6.5
Shields        | 2 3 4 5 |  5.1
Armour         | 1 |  1.5

Action                     |  1- 3 |  4- 6 |  7- 9 || total
---------------------------+-------+-------+-------++-------
  Melee: Unarmed           |    12 |    24 |    12 ||    48
 Invoke: Berserk           |     1 |       |       ||     1
    Use: Potion            |     1 |       |     4 ||     5
 Armour: Gold dragon scale |    20 |    19 |     2 ||    41
  Dodge: Dodged            |     1 |     1 |       ||     2
  Block: Kite shield       |    15 |    44 |    23 ||    82

Table legend: (Time is in decaauts)
 A = Elapsed time spent in this place.
 B = Non-inter-level travel time spent in this place.
 C = Inter-level travel time spent in this place.
 D = Time resting spent in this place.
 E = Time spent auto-exploring this place.
 F = Levels seen in this place.
 G = Mean time per level.
                   A        B        C        D        E       F      G
               +--------+--------+--------+--------+--------+-----+--------+
         Total |    232 |    232 |      0 |     19 |     23 |   1 |  232.0 |
       Dungeon |    232 |    232 |      0 |     19 |     23 |   1 |  232.0 |
               +--------+--------+--------+--------+--------+-----+--------+

Top non-repeatable levels by time:
       D: 232 daAuts
